 Dungeon Sprint DCSS version 0.29-a0-360-g8ed1089bbe (webtiles) character file.

Game seed: 3126978704918846707

87 Zeldest the Cudgeller (level 4, -12/39 HPs)
             Began as a Vine Stalker Monk on Apr 28, 2022.
             Mangled by an ogre
             ... wielding a +0 giant club
              (14 damage)
             ... in the Dungeon (Sprint IX: "|||||||||||||||||||||||||||||").
             The game lasted 00:00:20 (37 turns).

Zeldest the Cudgeller (Vine Stalker Monk)             Turns: 37, Time: 00:00:21

Health: -12/39     AC:  2    Str: 16    XL:     4   Next: 51%
Magic:  0/5        EV: 12    Int: 10    God:
Gold:   0          SH:  0    Dex: 16    Spells: 3/3 levels left

rFire   . . .      SeeInvis .   a - +0 mace
rCold   . . .      Faith    .   (no shield)
rNeg    . . .      Spirit   +   b - +0 robe
rPois   .          Reflect  .   (no helmet)
rElec   .          Harm     .   (no cloak)
rCorr   .          Rampage  .   (no gloves)
Will    .....      NoTele   +   (no boots)
Stlth   ..........              (no amulet)
HPRegen 0.93/turn               (no ring)
MPRegen 0.09/turn               (no ring)

@: berserking (expiring), very quick
A: fangs 2, regeneration 1, magic shield, antimagic bite, no potion heal 2
a: no special abilities


You were in the Dungeon.
You visited 1 branch

Inventory:

Hand Weapons
 a - a +0 mace (weapon)
Armour
 b - a +0 robe (worn)
Scrolls
 h - a scroll of blinking
Potions
 c - a potion of ambrosia
 d - a potion of curing
 e - a potion of haste
 f - 2 potions of magic


   Skills:
 + Level 4.7 Fighting
 * Level 6.1 Maces & Flails
 + Level 3.2 Armour
 - Level 2.4 Dodging
 - Level 2.4 Stealth


You had 3 spell levels left.
You didn't know any spells.
Your spell library was empty.

Dungeon Overview and Level Annotations

Branches:
Dungeon (1/1)

Altars:


Innate Abilities, Weirdness & Mutations

You have extremely sharp teeth.
Your natural rate of healing is unusually fast.
When hurt, damage is shared between your health and your magic reserves.
Your bite disrupts and absorbs the magic of your enemies.
Potions cannot restore your health.


Message History

You have reached level 2!
You sock the dart slug!
You kill the dart slug!
The centaur wields a +0 shortbow.
The centaur shoots an arrow.
The arrow hits you!
* * * LOW HITPOINT WARNING * * *
The centaur shoots an arrow.
The arrow closely misses you.
There is an open door here.
Things that are here:
a dart slug corpse; a worm corpse You feel a strong urge to attack something.
The centaur unwields a +0 shortbow.
The centaur hits you.
* * * LOW HITPOINT WARNING * * *
The centaur barely misses you.
You sock the centaur! You bite the centaur! You drain its power.
You feel invigorated.
The centaur is severely wounded.
The centaur hits you but does no damage.
The centaur kicks you.
* * * LOW HITPOINT WARNING * * *
You barely miss the centaur.
The centaur is severely wounded.
The centaur closely misses you. The centaur kicks you.
* * * LOW HITPOINT WARNING * * *
You sock the centaur!
You kill the centaur!
Your Fighting skill increases to level 4!
Your Maces & Flails skill gained 3 levels and is now at level 6!
Your Armour skill gained 2 levels and is now at level 3!
You have reached level 3!
Your experience leads to an increase in your attributes!
Increase (S)trength, (I)ntelligence, or (D)exterity?
You feel stronger. x2
You have reached level 4!
You feel stronger.
You begin to heal more quickly.
You sock the ogre!
The ogre is heavily wounded.
The ogre hits you with a +0 giant club!
You die...

▓+▓
▓.▓
▓o▓
▓.▓
▓O▓
▓@▓
▓†▓
▓.▓
▓.▓
▓.▓
▓.▓
▓.▓
▓)▓
▓.▓


You could see an ogre and an orc.

Vanquished Creatures
  A centaur (D)
  A worm (D)
  A dart slug (D)
  A bat (D)
  A giant cockroach (D)
  A kobold (D)
  2 rats (D)
8 creatures vanquished.

Notes
Turn   | Place    | Note
-------+----------+-------------------------------------------
     0 | D        | Zeldest the Vine Stalker Monk began the quest for the Orb.
     0 | D        | Reached XP level 1. HP: 11/11 MP: 2/2
    14 | D        | Reached skill level 3 in Maces & Flails
    18 | D        | Reached skill level 1 in Armour
    25 | D        | Noticed an ogre
    25 | D        | Noticed a centaur
    31 | D        | Reached XP level 2. HP: 15/16 MP: 3/3
    35 | D        | HP: 1/24 [centaur (1)]
    36 | D        | Killed a centaur
    37 | D        | Reached skill level 6 in Maces & Flails
    37 | D        | Reached XP level 3. HP: 1/21 MP: 1/4
    37 | D        | Gained mutation: Your natural rate of healing is unusually
                  | fast. [Vine Stalker growth]
    37 | D        | Reached XP level 4. HP: 1/26 MP: 1/5
    37 | D        | Mangled by an ogre

Illustrated notes

Levels and vault maps discovered:
D:        linesprint [early_d, line_temple, items_1, d_10, items_2, lair_1,
          lair_end, items_3, orc_1, orc_end, items_4, d_15, swamp_1, shoals_1,
          snake_1, spider_1, d_20, vaults_1, items_5, swamp_end, shoals_end,
          snake_end, spider_end, vaults_end, d_27, items_6, zot_1, zot_end,
          crypt_end, forest_end, elf_end, slime_end, tomb_end, abyss_end,
          pan_hell_end]

Skill      XL: |  1  2 |
---------------+-------+-----
Maces & Flails | 3 6 |  6.1
Fighting       | 3 4 |  4.7
Armour         | 1 3 |  3.2
Dodging        | |  2.4
Stealth        | |  2.4

Action                   |  1- 3 |  4- 6 || total
-------------------------+-------+-------++-------
Melee: Mace              |    23 |     1 ||    24
       Bite              |     3 |       ||     3
  Use: Potion            |     1 |       ||     1
Armor: Robe              |     8 |       ||     8
Dodge: Dodged            |    16 |       ||    16

Table legend: (Time is in decaauts)
 A = Elapsed time spent in this place.
 B = Non-inter-level travel time spent in this place.
 C = Inter-level travel time spent in this place.
 D = Time resting spent in this place.
 E = Time spent auto-exploring this place.
 F = Levels seen in this place.
 G = Mean time per level.
                   A        B        C        D        E       F      G
               +--------+--------+--------+--------+--------+-----+--------+
         Total |     38 |     38 |      0 |      0 |      0 |   1 |   38.0 |
       Dungeon |     38 |     38 |      0 |      0 |      0 |   1 |   38.0 |
               +--------+--------+--------+--------+--------+-----+--------+

Top non-repeatable levels by time:
       D: 38 daAuts
